 Dungeon Crawl Stone Soup version 0.27-a0-1046-g98bf31544f (webtiles) character file.

Game seed: 16022366477682562981

16 streetpizza the Magician (level 2, -5/22 HPs)
             Began as a Djinni Wanderer on Apr 19, 2021.
             Slain by a kobold
             ... wielding a +0 whip
              (6 damage)
             ... on level 1 of the Dungeon.
             The game lasted 00:01:56 (535 turns).

streetpizza the Magician (Djinni Wanderer)           Turns: 535, Time: 00:01:57

Health: -5/22      AC:  2    Str: 10    XL:     2   Next: 54%
Gold:   16         EV: 11    Int: 14    God:
                   SH:  0    Dex: 12

rFire    + + .     SeeInvis .   a - +0 short sword
rCold    x . .     Faith    .   (no shield)
rNeg     . . .     Spirit   .   d - +0 robe
rPois    ∞         Reflect  .   (no helmet)
rElec    .         Harm     .   (no cloak)
rCorr    .         Rampage  .   (no gloves)
Will     .....                  (boots unavailable)
Stlth    ++........             (no amulet)
HPRegen  0.07/turn              (no ring)
MPRegen  0.00/turn              (no ring)

@: flying
A: fire resistance 2, cold vulnerability 1, float, innate caster, hp casting,
extra vitality 1
a: no special abilities


You were on level 1 of the Dungeon.
You visited 1 branch of the dungeon, and saw 1 of its levels.

You collected 16 gold pieces.

Inventory:

Hand Weapons
 a - a +0 short sword (weapon)
 e - a +0 dagger
Armour
 d - a +0 robe (worn)
Scrolls
 c - 2 scrolls of fog {unknown}
Potions
 b - a potion of lignification


   Skills:
 * Level 1.0 Fighting
 - Level 2.6(2.8) Short Blades
 * Level 0.8(1.9) Long Blades
 * Level 1.1 Dodging
 - Level 1.5 Stealth
 + Level 4.5 Spellcasting


You couldn't memorise any spells.
You knew the following spells:

 Your Spells              Type           Power      Damage    Failure   Level
a - Magic Dart            Conj           64%        1d6       2%          1
b - Blink                 Tloc           N/A        N/A       4%          2
c - Call Imp              Summ           16%        N/A       4%          2
d - Slow                  Hex            16%        N/A       4%          2
e - Conjure Flame         Conj/Fire      16%        6-21      9%          3
f - Mephitic Cloud        Conj/Pois/Air  16%        N/A       9%          3
Your spell library was empty.

Dungeon Overview and Level Annotations

Branches:
Dungeon (1/15)

Altars:

Shops:
D:1 *


Innate Abilities, Weirdness & Mutations

You are immune to poison.
Your flesh is very heat resistant. (rF++)
You are vulnerable to cold. (rC-)
You float through the air rather than walking.
You learn spells naturally, not from books.
Your magical power is your life essence.
You have superior vitality. (+4 HP)


Message History

You hit the hobgoblin but do no damage.
The hobgoblin hits you but does no damage.
You closely miss the hobgoblin. The hobgoblin misses you.
You barely miss the hobgoblin. The hobgoblin misses you.
You barely miss the hobgoblin. The hobgoblin hits you.
You completely miss the hobgoblin. The hobgoblin hits you.
You hit the hobgoblin.
The hobgoblin is moderately wounded.
The hobgoblin hits you.
You hit the hobgoblin.
You kill the hobgoblin!
You closely miss the frilled lizard. The frilled lizard closely misses you.
You miss the frilled lizard. The frilled lizard barely misses you.
You miss the frilled lizard. The frilled lizard closely misses you.
You hit the frilled lizard.
The frilled lizard is heavily wounded.
The frilled lizard bites you.
You hit the frilled lizard but do no damage.
The frilled lizard is heavily wounded.
The frilled lizard bites you but does no damage.
You hit the frilled lizard but do no damage.
The frilled lizard is heavily wounded.
The frilled lizard closely misses you.
You closely miss the frilled lizard.
The frilled lizard is heavily wounded.
The frilled lizard bites you.
You miss the frilled lizard.
The frilled lizard is heavily wounded.
The frilled lizard bites you.
* * * LOW HITPOINT WARNING * * *
You hit the frilled lizard.
You kill the frilled lizard!
The kobold throws a stone.
The stone closely misses you. The kobold barely misses you.
You see here a hobgoblin corpse.
You hit the kobold but do no damage. The kobold hits you with a +0 whip.
* * * LOW HITPOINT WARNING * * *
You hit the kobold but do no damage. The kobold misses you.
You hit the kobold but do no damage. The kobold hits you with a +0 whip.
You die...

#..########## .. #.. #..#
......## ## #..# ......
...#..# ...## ...#..# #.
......# ######### #
####..# #........ #..#
#.# #..# #@# #.## #K#
####.# #.# .....##
####.#######
#.#...#######..........#
# #..............#####.#
#...####....>.........##.
##### #.##.............
#.##..#.#.###..#


You could see a kobold.

Vanquished Creatures
  A dart slug (D:1)
  2 ball pythons (D:1)
  A giant cockroach (D:1)
  3 hobgoblins (D:1)
  3 bats (D:1)
  3 frilled lizards (D:1)
13 creatures vanquished.

Notes
Turn   | Place    | Note
-------+----------+-------------------------------------------
     0 | D:1      | streetpizza the Djinni Wanderer began the quest for the
                  | Orb.
     0 | D:1      | Reached XP level 1. HP: 15/15 MP: 0/0
    51 | D:1      | Found Lyriad's General Store.
    74 | D:1      | Reached XP level 2. HP: 21/22 MP: 0/0
   325 | D:1      | Reached skill level 1 in Dodging
   516 | D:1      | Reached skill level 1 in Fighting
   533 | D:1      | HP: 1/22 [kobold/+0 whip (4)]
   535 | D:1      | Slain by a kobold

Illustrated notes

Levels and vault maps discovered:
D:1:      tarquinn_simple_flora_water_f, layout_loops_ring, serial_shops, shop

Skill      XL: |  1  2 |
---------------+-------+-----
Dodging        | 1 |  1.1
Fighting       | 1 |  1.0
Short Blades   | |  2.6
Long Blades    | |  0.8
Stealth        | |  1.5
Spellcasting   | |  4.5

Action                   || total
-------------------------++-------
Melee: Short sword       ||    61
 Stab: Sleeping          ||     2
Armor: Robe              ||     7
Dodge: Dodged            ||    36

Table legend: (Time is in decaauts)
 A = Elapsed time spent in this place.
 B = Non-inter-level travel time spent in this place.
 C = Inter-level travel time spent in this place.
 D = Time resting spent in this place.
 E = Time spent auto-exploring this place.
 F = Levels seen in this place.
 G = Mean time per level.
                   A        B        C        D        E       F      G
               +--------+--------+--------+--------+--------+-----+--------+
         Total |    532 |    532 |      0 |      0 |    408 |   1 |  532.0 |
       Dungeon |    532 |    532 |      0 |      0 |    408 |   1 |  532.0 |
               +--------+--------+--------+--------+--------+-----+--------+

Top non-repeatable levels by time:
     D:1: 532 daAuts
